 Dungeon Crawl Stone Soup version 0.28.0-53-g5a82cb258f (webtiles) character file.

Game seed: 10517122871976772499

53 pkoi the Gusty (level 3, -3/26 HPs)
             Began as a Demigod Air Elementalist on May 26, 2022.
             Slain by Ijyb
             ... wielding a +0 dagger
              (8 damage)
             ... on level 3 of the Dungeon.
             The game lasted 00:02:29 (2113 turns).

pkoi the Gusty (Demigod Air Elementalist)           Turns: 2113, Time: 00:02:29

Health: -3/26      AC:  2    Str:  7 (9)  XL:     3   Next: 42%
Magic:  0/8        EV: 12    Int: 26 (27) God:
Gold:   64         SH:  0    Dex: 13 (14) Spells: 2/5 levels left

rFire   . . .      SeeInvis .   d - +1 dagger (drain)
rCold   . . .      Faith    .   (no shield)
rNeg    . . .      Spirit   .   a - +0 robe
rPois   .          Reflect  .   (no helmet)
rElec   .          Harm     .   (no cloak)
rCorr   .          Rampage  .   (no gloves)
Will    .....                   (no boots)
Stlth   ++........              (no amulet)
HPRegen 0.08/turn               e - +6 ring of intelligence
MPRegen 0.11/turn               (no ring)

@: lethally poisoned (-3 -> -9)
A: high MP 1, forlorn, divine attributes
a: no special abilities


You were on level 3 of the Dungeon.
You visited 1 branch of the dungeon, and saw 3 of its levels.

You collected 64 gold pieces.

Inventory:

Hand Weapons
 c - a +0 club
 d - a +1 dagger of draining (weapon)
Armour
 a - a +0 robe (worn)
Jewellery
 e - a +6 ring of intelligence (left hand)
Scrolls
 b - 3 scrolls of identify
Potions
 f - a potion of flight {unknown}
 h - a potion of mutation {unknown}


   Skills:
 - Level 1.7 Dodging
 - Level 1.7 Stealth
 - Level 1.7 Spellcasting
 - Level 0.8 Conjurations
 + Level 4.2 Air Magic


You had 2 spell levels left.
You knew the following spells:

 Your Spells              Type           Power      Damage    Failure   Level
a - Shock                 Conj/Air       60%        1d6       3%          1
b - Static Discharge      Conj/Air       15%        N/A       5%          2

Your spell library contained the following spells:

 Spells                   Type           Power      Damage    Failure   Level
 Magic Dart               Conj           24%        1d4       8%          1
 Swiftness                Air            24%        N/A       5%          3
 Airstrike                Air            12%        N/A       19%         4
 Chain Lightning          Conj/Air       7%         3d10      100%        9
 Fire Storm               Conj/Fire      2%         8d1       100%        9


Dungeon Overview and Level Annotations

Branches:
Dungeon (3/15)

Annotations:
D:3 Ijyb


Innate Abilities, Weirdness & Mutations

You have an increased reservoir of magic. (+10% MP)
You shall have no god before yourself.
Your divine heritage dramatically boosts your attributes as you level up.


Message History

You are struck by an arc of lightning.
Ijyb is struck by an arc of lightning!
Ijyb is severely wounded.
The lightning grounds out.
The ball python hisses angrily.
The bat barely misses you.
An endoplasm comes into view.
Ijyb hits you with a +0 dagger.
* * * LOW HITPOINT WARNING * * *
Unknown command.
Casting: Static Discharge (safe; 5% risk of failure)
Confirm with . or Enter, or press ? or * to list all spells.
Ijyb is struck by an arc of lightning!
Ijyb is almost dead.
You are struck by an arc of lightning.
* * * LOW HITPOINT WARNING * * *
The lightning grounds out.
Ijyb hits you with a +0 dagger.
* * * LOW HITPOINT WARNING * * *
The bat barely misses you. Ijyb hits you with a +0 dagger.
* * * LOW HITPOINT WARNING * * *
Unknown command.
Unknown command.
Casting: Static Discharge (safe; 5% risk of failure)
Confirm with . or Enter, or press ? or * to list all spells.
The bat is struck by an arc of lightning.
You kill the bat!
You are struck by an arc of lightning.
* * * LOW HITPOINT WARNING * * *
The lightning grounds out.
Ijyb completely misses you.
Unknown command.
Unknown command.
It was a potion of degeneration.
There was something very wrong with that liquid.
You feel weakened.
You feel dopey.
You feel clumsy. Ijyb closely misses you.
A ball python comes into view.
The adder bites you.
* * * LOW HITPOINT WARNING * * *
You are lethally poisoned!
The adder poisons you! Ijyb hits you with a +0 dagger!
You die...

#.###.# ####.....#
..........
.......J.#
S........# .......
#S.g# #.S@#
...#..†###########
...................
#..........#######.
#..........#
#..........#
...........#
##.......†.#######.
..........'.......


You could see Ijyb (berserk), an adder, an endoplasm and 2 ball pythons.

Vanquished Creatures
  Terence (D:2)
  A dart slug (D:1)
  An endoplasm (D:1)
  2 giant cockroaches (D:1)
  3 goblins (D:1)
  2 hobgoblins (D:1)
  4 quokkas (D:1)
  2 ball pythons
  3 bats
  2 frilled lizards
  A kobold (D:2)
  6 rats
28 creatures vanquished.

Vanquished Creatures (others)
  5 toadstools (D:1)
5 creatures vanquished.

Grand Total: 33 creatures vanquished

Notes
Turn   | Place    | Note
-------+----------+-------------------------------------------
     0 | D:1      | pkoi the Demigod Air Elementalist began the quest for the
                  | Orb.
     0 | D:1      | Reached XP level 1. HP: 14/14 MP: 5/5
    47 | D:1      | Reached skill level 3 in Air Magic
   344 | D:1      | Reached XP level 2. HP: 11/20 MP: 0/7
   705 | D:1      | Got Wopiwoc's Reference Book on Battle Magic
  1517 | D:2      | Noticed Terence
  1544 | D:2      | Learned a level 2 spell: Static Discharge
  1558 | D:2      | Killed Terence
  1559 | D:2      | Reached skill level 4 in Air Magic
  1559 | D:2      | Reached XP level 3. HP: 26/26 MP: 1/8
  2106 | D:3      | Noticed Ijyb
  2113 | D:3      | Slain by Ijyb

Illustrated notes

Levels and vault maps discovered:
D:1:      ldierk_walled_garden, layout_basic
D:2:      layout_rooms, hellmonk_ecumenical_altar_blasted, kennysheep_nub,
          nicolae_elevator_lobby_plus, uniq_terence
D:3:      layout_basic, general_overflow_altar, tgw_xom, gup_sewer_entry_spiral,
          kennysheep_generic_room_13, uniq_ijyb

Skill      XL: |  1  2 |
---------------+-------+-----
Air Magic      | 3 4 |  4.2
Dodging        | |  1.7
Stealth        | |  1.7
Spellcasting   | |  1.7
Conjurations   | |  0.8

Action                   || total
-------------------------++-------
Melee: Dagger            ||    17
 Cast: Shock             ||    47
       Static Discharge  ||     7
  Use: Scroll            ||     2
       Potion            ||     2
Armor: Robe              ||     3
       Skin              ||     8
Dodge: Dodged            ||    12
